Map: 2000 Atmospheres LE

Players

Reynor

  • Race: Zerg Zerg
  • League: Master

LiquidClem (Clem) - Winner!

  • Race: Terran Terran
  • League: Grandmaster

Event: DreamHack SC2 Masters 2021 Summer

VOD

Have the link to the VOD?

Description

Time

  • Played on: June 6, 2021, 2:16 p.m.
  • Length: 16:38

All games in this series

Show
View Real Time Build Order
Export as new Build Order

Reynor Zerg 

Build Orders: Hatch First, Lurkers 

Get SALT Encoding   

  12  0:00  Drone  
  13  0:12  Overlord  
  13  0:16  Drone  
  14  0:30  Drone x2  
  16  0:47  Hatchery  
  15  0:51  Drone  
  15  0:55  Drone  
  17  0:58  Drone  
  18  1:09  Extractor  
  17  1:13  Spawning Pool  
  17  1:16  Drone  
  17  1:20  Drone  
  18  1:27  Drone  
  19  1:38  Drone  
  20  1:49  Drone  
  21  2:00  Zergling x4, Queen x2  
  27  2:14  Hatchery  
  26  2:18  Overlord  
  26  2:21  Drone  
  27  2:23  Drone  
  28  2:36  Drone x3  
  31  2:40  Queen  
  32  2:46  Metabolic Boost  
  32  2:49  Overlord  
  32  2:53  Drone  
  32  2:54  Drone  
  32  2:56  Drone  
  35  3:04  Drone  
  36  3:07  Drone  
  36  3:08  Drone x3  
  40  3:14  Overlord  
  40  3:18  Queen  
  42  3:26  Drone x2  
  44  3:27  Drone x2  
  44  3:31  Queen  
  48  3:36  Queen  
  48  3:40  Overlord  
  50  3:42  Drone x2  
  50  3:45  Drone x2  
  50  3:47  Drone  
  55  3:51  Zergling x4  
  55  3:53  Drone  
  58  3:57  Overlord  
  58  4:01  Overlord  
  58  4:02  Drone x3  
  61  4:06  Queen  
  63  4:11  Overlord, Drone  
  63  4:14  Spore Crawler, Drone  
  64  4:17  Overlord  
  64  4:20  Drone x3  
  64  4:23  Queen  
  69  4:27  Overlord  
  69  4:30  Drone  
  70  4:33  Drone x3  
  70  4:34  Queen  
  75  4:42  Spore Crawler  
  75  4:43  Spore Crawler x2, Drone x3  
  75  4:46  Zergling x2  
  75  4:47  Queen  
  75  4:50  Drone x2  
  80  5:01  Drone  
  80  5:02  Evolution Chamber, Drone x2  
  80  5:03  Drone x3, Evolution Chamber  
  83  5:07  Overlord  
  83  5:12  Zergling x4  
  83  5:13  Drone  
  86  5:15  Extractor  
  86  5:16  Extractor  
  86  5:18  Drone  
  86  5:21  Drone x3  
  86  5:22  Drone  
  86  5:23  Drone x2  
  86  5:24  Spore Crawler  
  86  5:27  Hatchery  
  89  5:29  Zerg Ground Armor Level 1, Zerg Melee Weapons Level 1  
  89  5:32  Drone x3  
  92  5:37  Zergling x6  
  92  5:38  Overlord  
  92  5:40  Drone x2  
  97  5:47  Overlord  
  97  5:50  Drone x2  
  97  5:51  Drone  
  97  5:52  Lair  
  97  5:53  Drone  
  97  5:54  Drone x2  
  97  5:55  Overlord  
  103  5:58  Drone x2  
  103  6:01  Drone x2  
  103  6:02  Overlord  
  107  6:04  Extractor  
  107  6:07  Extractor, Drone  
  106  6:12  Overlord  
  106  6:13  Drone  
  106  6:16  Drone  
  106  6:18  Drone  
  104  6:19  Overlord  
  104  6:24  Drone x2  
  104  6:25  Drone x4  
  110  6:26  Extractor  
  110  6:28  Zergling x2  
  110  6:31  Spore Crawler  
  109  6:32  Spore Crawler  
  109  6:33  Zergling x2  
  109  6:37  Zergling x2, Baneling Nest  
  109  6:38  Zergling x6  
  112  6:41  Zergling x4  
  112  6:46  Overlord  
  114  6:48  Zergling x6  
  114  6:49  Zergling x4  
  114  6:50  Zergling x6  
  114  6:51  Zergling x2  
  123  6:57  Drone  
  123  7:00  Drone  
  125  7:02  Zergling x4  
  125  7:05  Infestation Pit  
  125  7:07  Drone x2  
  128  7:09  Drone  
  128  7:10  Drone  
  130  7:16  Drone x2  
  130  7:19  Zergling x8  
  134  7:25  Zergling x2  
  134  7:26  Zergling x6  
  134  7:27  Zerg Ground Armor Level 2, Zerg Melee Weapons Level 2  
  134  7:28  Zergling x2  
  134  7:29  Overseer  
  129  7:31  Drone  
  129  7:34  Zergling x2  
  129  7:38  Hatchery  
  129  7:40  Zergling x6  
  129  7:43  Pneumatized Carapace  
  121  7:44  Zergling x2, Hive  
  121  7:45  Zergling x4  
  121  7:47  Hydralisk Den  
  121  7:48  Zergling x2  
  121  7:49  Zergling x4, Baneling  
  121  7:50  Zergling x2, Baneling x5  
  127  7:57  Baneling x5  
  127  7:58  Zergling x4  
  127  7:59  Zergling x10  
  127  8:00  Zergling x10  
  127  8:02  Hatchery  
  127  8:04  Zergling x2, Hatchery  
  138  8:07  Baneling x7  
  138  8:08  Centrifical Hooks  
  138  8:09  Zergling x2  
  138  8:10  Overlord  
  138  8:11  Zergling x2  
  140  8:13  Baneling x5  
  140  8:14  Drone x3  
  140  8:15  Drone  
  144  8:20  Extractor  
  144  8:22  Overlord  
  144  8:23  Drone  
  144  8:24  Spore Crawler, Extractor, Drone  
  144  8:25  Spore Crawler x2  
  144  8:26  Drone x2  
  144  8:27  Zergling x2  
  144  8:33  Hydralisk x4, Baneling x7  
  144  8:34  Zergling x2  
  150  8:41  Hydralisk x2  
  140  8:42  Zergling x10  
  148  8:50  Spawning Pool  
  148  8:51  Drone x5  
  148  8:53  Drone  
  139  9:00  Drone x2  
  139  9:01  Drone x5  
  143  9:08  Lurker Den, Drone x4  
  143  9:09  Hydralisk  
  144  9:14  Overlord  
  146  9:20  Overlord  
  146  9:23  Baneling x2, Overseer  
  146  9:24  Baneling x2  
  146  9:27  Hydralisk x3  
  152  9:38  Baneling x6  
  148  9:42  Zergling x38  
  159  9:50  Hydralisk x2  
  159  9:51  Zergling x2  
  161  9:55  Overlord  
  157  10:04  Zergling x20  
  157  10:05  Zergling x4  
  162  10:08  Overlord  
  162  10:09  Adaptive Talons  
  154  10:22  Zergling x20  
  154  10:24  Lurker x9  
  173  10:33  Baneling x10  
  173  10:35  Zergling x24  
  180  10:38  Overlord  
  173  10:43  Zergling x4  
  173  10:45  Zergling x4  
  173  10:48  Zergling x6  
  178  10:51  Zergling x6  
  178  10:52  Zergling x2  
  178  10:53  Overlord  
  179  11:02  Zergling x4  
  179  11:03  Zergling x12  
  187  11:07  Seismic Spines  
  187  11:08  Zergling x6  
  187  11:11  Zergling x6  
  190  11:16  Zergling x4  
  172  11:20  Zergling x2  
  172  11:23  Zergling x6  
  172  11:24  Zergling x4  
  172  11:25  Zergling x2  
  156  11:27  Queen  
  156  11:31  Zergling x4  
  136  11:35  Zergling x6  
  134  11:47  Zergling x6  
  134  11:48  Zergling x4  
  134  11:49  Lurker  
  134  11:53  Zergling x4  
  140  11:55  Zerg Missile Weapons Level 1  
  140  11:56  Zergling x6  
  140  11:59  Hydralisk Den  
  140  12:01  Overseer  
  141  12:07  Baneling x3  
  140  12:14  Zergling x18  
  149  12:17  Viper x2  
  146  12:24  Zergling x2  
  146  12:26  Drone x2  
  148  12:37  Hatchery  
  148  12:41  Hydralisk x3  
  148  12:42  Hydralisk x4  
  148  12:43  Adrenal Glands  
  162  12:44  Zergling x14  
  168  12:54  Zergling x2, Hydralisk x2  
  168  12:55  Zergling x4  
  175  13:01  Zergling x14  
  175  13:02  Zergling x4  
  175  13:03  Overlord  
  173  13:14  Zergling x8  
  173  13:16  Lurker x2  
  173  13:17  Lurker x5  
  173  13:19  Zergling x14  
  177  13:22  Lurker x2  
  177  13:24  Zergling x2  
  177  13:25  Queen  
  178  13:27  Zergling x6  
  178  13:28  Zergling x2  
  181  13:40  Zergling x18  
  185  13:45  Zergling x4  
  185  13:48  Hydralisk  
  163  13:53  Zergling x4  
  159  13:56  Zergling x6, Hydralisk x2  
  159  14:01  Zergling x6  
  166  14:08  Zergling x10  
  166  14:09  Hatchery  
  160  14:10  Zergling x6  
  160  14:16  Zergling x6  
  161  14:18  Zergling x2  
  161  14:22  Hydralisk x2  
  161  14:23  Zergling x2  
  163  14:24  Overseer  
  163  14:27  Baneling x15  
  163  14:28  Zergling x2  
  164  14:31  Zergling x4  
  164  14:32  Zergling x2  
  164  14:36  Zergling x8  
  170  14:42  Hydralisk  
  170  14:43  Zergling x10  
  171  14:49  Zergling x4, Hydralisk x3  
  171  14:50  Hydralisk  
  148  14:53  Zergling x2  
  148  14:54  Zergling x6  
  148  14:55  Hydralisk  
  148  14:56  Zergling x4  
  148  14:57  Zergling x2  
  143  15:01  Lurker x4  
  143  15:02  Zergling x4  
  143  15:04  Zergling x8  
  143  15:06  Zergling x2  
  154  15:11  Zergling x2  
  140  15:14  Hydralisk  
  140  15:15  Zergling x4, Baneling x2  
  140  15:16  Baneling x4  
  140  15:17  Lurker x2, Baneling x5  
  140  15:19  Zergling x2  
  140  15:20  Zergling x2  
  141  15:24  Zergling x2  
  141  15:25  Zergling x2  
  141  15:26  Zergling x4  
  137  15:32  Zergling x8  
  137  15:33  Zergling x2  
  131  15:36  Zergling x6, Hydralisk  
  131  15:38  Zergling x2  
  131  15:40  Zergling x4  
  122  15:44  Zergling x2  
  122  15:49  Hydralisk  
  115  15:50  Zergling x10  
  115  15:53  Lurker x2  
  115  15:54  Lurker  
  117  15:57  Zergling x4  
  117  15:58  Zergling x2  
  117  15:59  Zergling x2  
  109  16:04  Hydralisk  
  109  16:05  Zergling x2  
  109  16:07  Zergling x2  
  109  16:10  Zergling x6  
Show
View Real Time Build Order
Export as new Build Order

LiquidClem Terran - Winner!

Build Orders: Reaper Expand, Hellion Banshee 

Get SALT Encoding   

  12  0:00  SCV  
  13  0:12  SCV  
  14  0:16  Supply Depot  
  14  0:24  SCV  
  15  0:38  SCV  
  15  0:39  Barracks  
  16  0:43  Refinery  
  16  0:50  SCV  
  17  1:02  SCV  
  18  1:14  SCV  
  19  1:27  Orbital Command, Reaper  
  20  1:39  Command Center  
  20  1:47  Supply Depot  
  20  1:52  SCV  
  21  1:58  Marine  
  22  2:04  SCV  
  23  2:11  Factory  
  23  2:16  SCV  
  23  2:21  Barracks Reactor  
  24  2:28  SCV  
  25  2:39  Command Center  
  25  2:40  SCV  
  26  2:52  Orbital Command, SCV  
  27  2:58  Starport  
  27  3:03  Refinery  
  27  3:06  SCV  
  27  3:11  Hellion  
  30  3:15  Hellion  
  30  3:17  SCV  
  34  3:20  SCV  
  34  3:22  Barracks Tech Lab  
  34  3:29  SCV  
  34  3:32  SCV  
  34  3:33  Hellion  
  38  3:36  Hellion  
  38  3:41  SCV  
  41  3:44  Banshee, SCV  
  45  3:52  Orbital Command  
  45  3:53  SCV  
  45  3:54  Cloaking Field  
  46  3:59  Hellion  
  46  4:00  Hellion  
  46  4:01  SCV  
  51  4:06  SCV  
  51  4:07  Supply Depot  
  51  4:09  Barracks Tech Lab  
  52  4:13  SCV  
  53  4:18  SCV  
  53  4:19  SCV  
  55  4:28  Barracks, SCV  
  55  4:29  Barracks  
  55  4:31  Factory Reactor, Supply Depot  
  56  4:32  Banshee  
  56  4:35  SCV  
  56  4:37  Marine  
  62  4:40  Orbital Command  
  62  4:43  Refinery x2, SCV  
  62  4:47  SCV  
  63  4:53  Engineering Bay x2  
  63  4:54  Supply Depot  
  63  4:55  Marine, SCV  
  65  5:01  SCV  
  65  5:05  SCV  
  67  5:08  SCV  
  67  5:13  Marine, SCV  
  70  5:17  Supply Depot  
  70  5:20  Factory Reactor  
  70  5:22  Stimpack, SCV  
  70  5:25  SCV  
  70  5:26  Terran Infantry Weapons Level 1, Terran Infantry Armor Level 1, Supply Depot  
  70  5:27  Marine x4  
  76  5:29  SCV  
  76  5:30  Starport Reactor  
  76  5:33  Supply Depot  
  76  5:34  SCV  
  79  5:38  Supply Depot, SCV  
  79  5:41  SCV  
  81  5:45  Marine  
  81  5:46  Marine x2, SCV  
  81  5:47  Marine x2  
  86  5:50  SCV  
  86  5:55  Supply Depot  
  86  5:56  Bunker, SCV  
  88  5:58  SCV  
  88  6:01  Widow Mine x2  
  88  6:02  Marine  
  94  6:04  Marine x2  
  94  6:06  SCV  
  97  6:11  Barracks  
  97  6:12  Barracks  
  97  6:16  Marine  
  97  6:18  Marine, SCV  
  99  6:19  SCV  
  99  6:21  SCV  
  99  6:22  Widow Mine  
  99  6:24  Marine, Armory  
  105  6:26  Medivac  
  105  6:29  Widow Mine, Factory  
  105  6:30  SCV  
  105  6:31  SCV  
  111  6:33  Marine  
  111  6:34  Refinery  
  111  6:35  Marine  
  111  6:36  Supply Depot  
  111  6:38  Marine  
  114  6:40  SCV  
  114  6:43  SCV x2  
  114  6:46  Widow Mine  
  119  6:47  Supply Depot  
  119  6:48  Medivac  
  119  6:50  Marine x2  
  119  6:51  Marine, Supply Depot  
  119  6:53  Marine  
  125  6:57  Marine  
  125  7:00  Medivac  
  130  7:01  Widow Mine  
  130  7:05  Combat Shield  
  130  7:09  Command Center  
  130  7:10  Barracks Reactor x2  
  130  7:13  Widow Mine  
  130  7:14  Drilling Claws  
  132  7:16  Supply Depot  
  132  7:18  Widow Mine  
  135  7:22  Widow Mine  
  135  7:23  Medivac  
  135  7:26  Marine x3  
  135  7:28  Marine  
  139  7:30  Medivac  
  139  7:34  Widow Mine  
  142  7:37  Supply Depot x2  
  142  7:40  Widow Mine, Marine  
  142  7:43  Marine  
  140  7:44  Marine x2  
  140  7:49  Marine x2  
  140  7:50  Marine x2  
  146  7:53  Medivac, Terran Infantry Weapons Level 2  
  146  7:55  Refinery  
  146  7:57  Marine  
  149  7:58  Marine  
  149  8:00  Medivac  
  149  8:01  Marine  
  149  8:02  Marine x2  
  149  8:04  Widow Mine  
  155  8:06  Marine  
  155  8:08  Supply Depot  
  155  8:09  Terran Infantry Armor Level 2, Supply Depot  
  155  8:11  Hellion x4  
  156  8:15  Widow Mine  
  156  8:17  Marine  
  159  8:21  Terran Vehicle And Ship Armor Level 1  
  159  8:22  Widow Mine, Supply Depot  
  159  8:23  Medivac, Marine  
  159  8:24  SCV  
  165  8:31  Widow Mine  
  165  8:34  Medivac  
  163  8:36  Marine x3  
  163  8:37  Marine  
  163  8:40  Widow Mine  
  159  8:42  Marine  
  159  8:44  Marauder, Marine x2  
  162  8:49  Widow Mine, Marine  
  162  8:52  Widow Mine  
  162  8:53  Medivac  
  162  8:55  Marine x3  
  166  9:00  Barracks, Planetary Fortress  
  166  9:01  Barracks, Marine  
  168  9:02  Widow Mine  
  168  9:03  Barracks, SCV  
  168  9:04  Medivac  
  168  9:06  Marauder  
  168  9:08  Marine x2  
  175  9:13  Widow Mine  
  175  9:15  SCV  
  178  9:17  Command Center  
  178  9:18  SCV  
  178  9:19  Widow Mine  
  178  9:22  Marine x2  
  178  9:23  SCV  
  184  9:25  Marine  
  184  9:26  Marine x2  
  184  9:27  Marine  
  184  9:31  Widow Mine, Marine  
  191  9:32  Marine  
  191  9:34  Siege Tank  
  192  9:39  SCV  
  192  9:40  Medivac, Marine  
  192  9:41  Widow Mine  
  182  9:47  Marine x2  
  182  9:48  SCV  
  182  9:49  Marine x2  
  182  9:51  Marine  
  182  9:52  Widow Mine  
  186  9:54  Barracks Tech Lab x2  
  186  9:59  Liberator  
  182  10:00  Marine x3  
  182  10:02  Widow Mine, Marine  
  182  10:06  Siege Tank, Marine x2  
  192  10:08  Barracks Tech Lab  
  192  10:10  Medivac, Marine  
  192  10:12  Marine  
  192  10:13  Widow Mine, Marauder  
  194  10:18  Marine  
  194  10:20  Marauder  
  195  10:23  Widow Mine, Marauder, Marine  
  200  10:35  Widow Mine  
  200  10:36  Terran Infantry Weapons Level 3  
  200  10:40  Medivac  
  200  10:42  Widow Mine  
  200  10:43  Marauder  
  200  10:46  Refinery x2  
  200  10:49  Ghost Academy, SCV  
  194  10:52  Widow Mine, Marauder x2  
  194  10:54  SCV  
  199  11:00  Marauder  
  199  11:03  Siege Tank  
  199  11:04  Marauder  
  199  11:11  Marine x2  
  199  11:13  Marauder  
  199  11:15  Planetary Fortress  
  199  11:16  Command Center  
  199  11:18  Command Center  
  193  11:19  Marauder  
  180  11:30  Ghost  
  180  11:31  Marine  
  180  11:32  Marine x2  
  180  11:35  Siege Tank  
  173  11:41  Widow Mine, SCV x2  
  173  11:43  SCV  
  173  11:44  SCV  
  173  11:45  Missile Turret  
  179  11:47  Sensor Tower  
  179  11:50  Widow Mine, Marine x2  
  179  11:52  SCV  
  179  11:53  SCV  
  185  11:58  Ghost, SCV  
  188  12:03  Ghost  
  188  12:04  Command Center  
  188  12:06  Ghost  
  188  12:07  Siege Tank  
  196  12:13  SCV  
  196  12:16  Terran Infantry Armor Level 3  
  196  12:19  Widow Mine  
  190  12:24  Ghost  
  188  12:32  Orbital Command, Refinery  
  188  12:33  Refinery  
  188  12:34  Command Center  
  188  12:36  Ghost, SCV  
  189  12:37  Ghost  
  189  12:41  Ghost  
  195  12:52  Ghost  
  197  13:03  Widow Mine  
  199  13:08  Command Center  
  199  13:12  Ghost  
  199  13:15  Marine  
  199  13:16  Marine x2  
  199  13:18  Marauder  
  199  13:19  Marauder  
  200  13:26  Marauder  
  197  13:33  Marine  
  198  13:34  Marine  
  198  13:39  Terran Vehicle And Ship Armor Level 2  
  199  13:41  Ghost  
  199  13:47  Ghost  
  199  13:48  Ghost x2  
  190  13:54  Siege Tank  
  192  13:56  SCV  
  192  14:00  SCV  
  191  14:04  Planetary Fortress  
  191  14:05  Orbital Command  
  191  14:07  Command Center, SCV  
  191  14:09  SCV  
  190  14:10  Ghost  
  190  14:12  SCV  
  190  14:15  Ghost  
  190  14:16  Ghost, Missile Turret  
  190  14:17  Ghost  
  194  14:21  SCV  
  193  14:24  SCV  
  193  14:28  Marine x2, Missile Turret  
  196  14:31  Missile Turret  
  196  14:35  Missile Turret, SCV  
  196  14:38  Ghost  
  197  14:41  Refinery  
  197  14:43  Siege Tank, Refinery  
  200  14:49  Ghost  
  200  14:51  Command Center  
  186  14:55  Widow Mine  
  186  14:58  Marine x3  
  182  15:02  Ghost  
  184  15:08  Widow Mine  
  184  15:14  Ghost  
  186  15:15  Marine x3  
  186  15:16  Widow Mine, Marauder  
  186  15:19  Command Center, Marauder  
  186  15:21  Liberator  
  193  15:23  Marine x5  
  193  15:26  Planetary Fortress  
  197  15:31  Marauder  
  197  15:32  Refinery  
  197  15:33  Refinery, Marine  
  197  15:34  Marine  
  193  15:36  Marine  
  193  15:38  Marauder  
  180  15:43  Widow Mine  
  180  15:44  Orbital Command  
  180  15:46  Marine  
  180  15:49  Marine  
  179  15:50  Marauder x2, Marine x2  
  179  15:52  Marine  
  179  15:54  Widow Mine  
  189  15:57  Widow Mine  
  189  15:59  Marine  
  189  16:00  Marauder  
  189  16:01  Marine  
  193  16:04  Marine  
  193  16:05  Widow Mine  
  193  16:07  Marine  
  193  16:08  Marauder  
  199  16:12  Marine  
Tags
 
Add a new tag
Caveats
  • Supply blocks, unpowered buildings, or Contaminate may cause inaccurate times.
  • Supply counts are checked every 10 seconds.